 Dungeon Crawl Stone Soup version 0.30.0-5-g1a98f26d00 (webtiles) character file.

Game seed: 17521836022949554521

20627 croobank the Scholar (level 12, -4/68 HPs)
             Began as a Demonspawn Fire Elementalist on May 9, 2023.
             Was an Elder of Sif Muna.
             Slain by a tentacled starspawn (5 damage)
             ... on level 3 of the Abyss.
             The game lasted 00:58:59 (19193 turns).

croobank the Scholar (DsFE)                        Turns: 19193, Time: 00:59:00

Health: -4/68      AC: 18    Str:  5 (6)  XL:     12   Next: 47%
Magic:  0/24       EV: 15    Int: 13 (16) God:    Sif Muna [****..]
Gold:   910        SH:  3    Dex:  4 (6)  Spells: 6/28 levels left

rFire   + + +        W - +1 quick blade (flame)
rCold   + . .        z - +0 buckler
rNeg    . . .        U - +1 troll leather armour
rPois   .            (helmet restricted)
rElec   .            s - +2 cloak {rF+}
rCorr   .            (no gloves)
SInv    .            (no boots)
Will    +....        x - amulet "Noistoun" {Spirit Harm rF+ rC+ Dex-4}
Stlth   ++           J - ring of willpower
HPRegen 0.00/turn    V - ring of protection from fire
MPRegen 0.19/turn

%: random rage (9%), harm (+30% outgoing, +20% incoming), guardian spirit
@: mighty, agile, sanguine armoured, on berserk cooldown, inhibited regen,
slowed, unable to read, very slow
A: horns 1, powered by pain 2, sanguine armour 3, [berserk 2], [clumsy 2],
[deformed body], [deterioration 2], [dopey 2], [frail 2], [screaming 2],
[inhibited regeneration], ([teleportitis 2]), [weak 2], [inability to read after
injury 2]
a: Renounce Religion, Channel Magic, Forget Spell, Divine Exegesis


You were on level 3 of the Abyss.
You worshipped Sif Muna.
Sif Muna was greatly pleased with you.
You visited 3 branches of the dungeon, and saw 14 of its levels.
You visited the Abyss 2 times.
You also visited: Bailey and Volcano.

You collected 910 gold pieces.

Inventory:

Hand Weapons
 a - a +2 dagger of venom
 g - a +4 demon whip of venom
 o - a +1 mace of flaming
 p - the +0 mace "Lexkydax" {drain, rC+ Int+4 SInv}
   (You found it on level 2 of the Dungeon)

   Int:       It affects your intelligence (+4).
   rC:        It protects you from cold.
   SInv:      It lets you see invisible.
 B - a +4 dagger
 E - a +2 glaive of flaming
 H - a +3 war axe
 L - a +0 scimitar
 M - a +6 vampiric spear
 W - a +1 quick blade of flaming (weapon)
 Y - a +2 bardiche of flaming
 Z - a +1 heavy hand axe
Missiles
 l - 26 javelins
 t - 4 throwing nets
Armour
 m - the +0 robe "Deliprim" {Int+2}
   (You found it on level 2 of the Dungeon)

   Int:       It affects your intelligence (+2).
 s - a +2 cloak of fire resistance (worn)
 z - a +0 buckler (worn)
 D - the scarf of the Durable Okapi {shadows, +Inv Str+2 Slay+3}
   (You found it in a bailey)

   Str:       It affects your strength (+2).
   Slay:      It affects your accuracy & damage with ranged weapons and melee
   (+3).
   +Inv:      It lets you turn invisible.
 F - +0 steam dragon scales
 I - a +3 leather armour of fire resistance
 P - a +1 chain mail of willpower
 U - a +1 troll leather armour (worn)
Magical Staves
 b - the staff of fire "Fegel" {rF+ Dex+4}
   (You acquired it on level 4 of the Dungeon)

   [staff of fire]

   Base accuracy: +5 Base damage: 5 Base attack delay: 1.2 This weapon's minimum
   attack delay (0.6) is reached at skill level 12.
   Dex:       It affects your dexterity (+4).
   rF:        It protects you from fire.
   It falls into the 'Staves' category.
   It is a one-handed weapon.
Jewellery
 f - a +6 ring of intelligence
 i - a ring of ice
 k - a ring of see invisible
 x - the amulet "Noistoun" (around neck) {Spirit Harm rF+ rC+ Dex-4}
   (You found it on level 4 of the Dungeon)

   [amulet of guardian spirit]

   It causes incoming damage to be divided between your reserves of health and
   magic.
   Dex:       It affects your dexterity (-4).
   rF:        It protects you from fire.
   rC:        It protects you from cold.
   Harm:      It increases damage dealt and taken.
 G - a ring of ice
 J - a ring of willpower (left hand)
 T - an amulet of faith
 V - a ring of protection from fire (right hand)
Wands
 r - a wand of charming (9)
 K - a wand of flame (39)
 N - a wand of light (6)
 Q - a wand of roots (4)
 R - a wand of polymorph (4)
Scrolls
 c - 2 scrolls of fog
 d - 5 scrolls of teleportation
 j - a scroll of brand weapon
 n - 3 scrolls of poison
 w - a scroll of blinking
 y - 2 scrolls of vulnerability
 S - a scroll of identify
Potions
 e - 2 potions of attraction
 h - 3 potions of mutation
 q - 2 potions of brilliance
 u - 3 potions of curing
 v - a potion of heal wounds
 A - 2 potions of flight
 C - a potion of invisibility
 O - 2 potions of haste
 X - a potion of magic


   Skills:
 - Level 5.1 Fighting
 - Level 4.3 Maces & Flails
 - Level 5.2 Dodging
 - Level 5.6 Stealth
 - Level 3.0 Shields
 + Level 8.6 Spellcasting
 - Level 5.3 Conjurations
 - Level 4.7 Hexes
 - Level 7.6 Necromancy
 * Level 4.7 Translocations
 - Level 5.6 Fire Magic
 + Level 11.4 Invocations


You had 6 spell levels left.
You knew the following spells:

 Your Spells              Type           Power      Damage    Failure   Level
a - Foxfire               Conj/Fire      76%        2x1d7     4%          1
b - Scorch                Fire           40%        2d6       5%          2
c - Inner Flame           Hex/Fire       19%        N/A       13%         3
d - Dispel Undead         Necr           25%        3d12      16%         4
e - Iskenderun's Mystic   Conj/Tloc      18%        2d6       43%         4
f - Ensorcelled Hibernat  Hex/Ice        22%        N/A       22%         2
g - Hailstorm             Conj/Ice       12%        3d5       36%         3
h - Confusing Touch       Hex            17%        N/A       16%         3

Your spell library contained the following spells:

 Spells                   Type           Power      Damage    Failure   Level
 Kiss of Death            Conj/Necr      88%        2d12      2%          1
 Volatile Blastmotes      Fire/Tloc      38%        2d13      13%         3
 Dazzling Flash           Conj/Hex       36%        N/A       14%         3
 Anguish                  Hex/Necr       10%        N/A       28%         4
 Flame Wave               Conj/Fire      19%        2d7       36%         4
 Vhi's Electric Charge    Tloc/Air       22%        N/A       38%         3
 Agony                    Necr           25%        N/A       41%         5
 Manifold Assault         Tloc           17%        N/A       47%         4
 Passwall                 Tmut/Erth      4%         N/A       50%         2
 Spider Form              Tmut/Pois      5%         N/A       75%         3
 Swiftness                Air            5%         N/A       75%         3
 Ice Form                 Ice/Tmut       5%         N/A       98%         4
 Arcjolt                  Conj/Air       6%         1d16      98%         5
 Silence                  Hex/Air        5%         N/A       98%         5
 Starburst                Conj/Fire      9%         6d5       99%         6
 Dispersal                Tloc           8%         N/A       100%        6
 Simulacrum               Ice/Necr       7%         N/A       100%        6
 Orb of Destruction       Conj           9%         9d6       100%        7
 Disjunction              Tloc           8%         N/A       100%        8
 Lehudib's Crystal Spear  Conj/Erth      6%         10d3      100%        8
 Maxwell's Capacitive Co  Air            2%         ∞         100%        8


Dungeon Overview and Level Annotations

Branches:
Dungeon (11/15)            Temple (1/1) D:5            Lair (1/5) D:9
    Orc (0/2) D:10         Bailey (visited)         Volcano (visited)

Altars:
Ashenzari
Cheibriados
Dithmenos
Fedhas
Gozag
Hepliaklqana
Kikubaaqudgha
Makhleb
Nemelex Xobeh
Okawaru
Qazlal
Ru
Sif Muna
Trog
Uskayaw
Vehumet
Wu Jian
Xom
Yredelemnul

Shops:
D:8 [


Innate Abilities, Weirdness & Mutations

You have a pair of small horns on your head.
You sometimes gain power by taking damage.
When seriously injured, your blood forms very thick armour. (AC +12)
[You have an uncontrollable temper.]
[You are very clumsy. (Dex -4)]
[Armour fits poorly on your strangely shaped body.]
[Your body often deteriorates upon taking damage.]
[You are very dopey. (Int -4)]
[You are very frail. (-20% HP)]
[You frequently scream uncontrollably at your foes.]
[You do not regenerate when monsters are visible.]
[((You are often teleported next to monsters.))]
[You are very weak. (Str -4)]
[You sometimes lose the ability to read scrolls when taking damage.]


Message History

You feel dopey. Something feeds on your intellect!
The chaos spawn barely misses you.
The chaos spawn attacks as you move away!
The chaos spawn gores you but does no damage.
The glowing orange brain pulsates.
The glowing orange brain radiates an aura of fear!
You are terrified of the glowing orange brain!
The glowing orange brain pulsates.
Something tries to feed on your intellect!
The neqoxec closely misses you. The neqoxec hits you!
Your body deteriorates!
You feel weakened. The chaos spawn hits you.
You feel very mighty all of a sudden.
You hit the neqoxec. You burn the neqoxec. Your headbutt misses the neqoxec.
The neqoxec is lightly wounded.
The chaos spawn misses you.
A tentacled starspawn comes into view.
The neqoxec barely misses you.
You cannot read scrolls in your current state!
A tentacle flies out from the starspawn's body!
The neqoxec misses you.
A starspawn tentacle comes into view.
The chaos spawn attacks as you move away!
You block the chaos spawn's attack.
A large abomination comes into view.
You block the neqoxec's attack.
The glowing orange brain pulsates.
Something tries to feed on your intellect!
The starspawn tentacle grabs you. The starspawn tentacle constricts you.
* * * LOW HITPOINT WARNING * * *
The starspawn tentacle loses its grip on you.
The chaos spawn completely misses you. The neqoxec hits you.
A starspawn tentacle comes into view.
You are no longer terrified.
The glowing orange brain pulsates.
The starspawn tentacle misses you. The tentacled starspawn bites you!!
* * * LOW HITPOINT WARNING * * *
You focus on the pain.
You feel your power returning.
The tentacled starspawn tentacle-slaps you!
You die...

.. .. . .# #.....#
.. .. .. ...# #.#.##
.##..#. #.....##.
..X..
#..§...##──≈#.##
#...#w──##w~~..
#..@X44...~~≈.
###..#.###≈≈≈~.
#...3G...~≈~~#
#...##.#...≈#≈~≈
..#....##.#.#~~♣ ..
.#...#...#.#.#~.#...
### #..#..###### ..
...#.##... ...≈.
..#..## # .... ..


You could see a tentacled starspawn, a glowing orange brain, an orange demon
(summoned), a large abomination (wandering), a neqoxec, a chaos spawn and 2
starspawn tentacles.

Vanquished Creatures
  Gastronok (Lair:1)
  A dancing weapon (Volcano)
  A two-headed ogre (D:8)
  A wretched star (Abyss:3)
  5 skeletal warriors
  Amaemon (D:9)
  A wizard (Volcano)
  Maurice (D:8)
  2 toenail golems (Volcano)
  An orange demon (D:9)
  An unseen horror (D:11)
  Maggie (D:6)
  An efreet (Abyss:2)
  A komodo dragon (Lair:2)
  An ancient zyme (Abyss:2)
  3 trolls
  A hornet (D:7)
  Prince Ribbit (D:5)
  Sigmund (D:3)
  3 wyverns (D:9)
  A vampire (D:9)
  18 yaks
  2 basilisks (D:9)
  4 steam dragons
  Edmund (D:5)
  An acid dragon (D:9)
  Duvessa (D:4)
  8 water moccasins
  10 orc warriors
  2 sky beasts
  An ogre (D:5)
  2 ice beasts (D:7)
  2 phantoms
  3 wolves (Lair:1)
  14 centaurs
  2 gnoll sergeants
  4 bullfrogs
  3 scorpions
  4 wights (D:7)
  Dowan (D:4)
  A killer bee (D:9)
  11 howler monkeys
  A hound (D:5)
  Crazy Yiuf (D:2)
  5 orc priests
  6 jellies
  An iguana (D:7)
  16 orc wizards
  14 gnolls
  9 adders
  A shadow imp (D:5)
  4 white imps
  An ufetubus (D:4)
  5 worms
  42 orcs
  4 bats
  9 endoplasms
  3 giant cockroaches
  8 goblins
  10 hobgoblins
  3 jackals (D:2)
  A quokka (D:2)
  9 ball pythons
  4 frilled lizards
  16 kobolds
  3 rats (D:1)
301 creatures vanquished.

Vanquished Creatures (others)
  A small abomination (Abyss:3)
  An orc (Bailey)
  631 foxfires
633 creatures vanquished.

Grand Total: 934 creatures vanquished

Notes
Turn   | Place    | Note
-------+----------+-------------------------------------------
     0 | D:1      | croobank the Demonspawn Fire Elementalist began the quest
                  | for the Orb.
     0 | D:1      | Reached XP level 1. HP: 13/13 MP: 3/3
   179 | D:2      | Gained mutation: You sometimes gain a little power by
                  | taking damage. [demonic ancestry]
   179 | D:2      | Reached XP level 2. HP: 12/19 MP: 1/5
   212 | D:2      | Learned a level 2 spell: Scorch
  1028 | D:2      | Gained mutation: When seriously injured, your blood forms
                  | armour. (AC +12) [demonic ancestry]
  1028 | D:2      | Reached XP level 3. HP: 25/25 MP: 1/6
  1036 | D:2      | Learned a level 3 spell: Inner Flame
  1326 | D:2      | Gained mutation: When seriously injured, your blood forms
                  | thick armour. (AC +12) [demonic ancestry]
  1326 | D:2      | Reached XP level 4. HP: 31/31 MP: 1/7
  1423 | D:2      | Reached skill level 1 in Fighting
  1581 | D:2      | Gained mutation: When seriously injured, your blood forms
                  | very thick armour. (AC +12) [demonic ancestry]
  1581 | D:2      | Reached XP level 5. HP: 19/37 MP: 0/9
  1848 | D:2      | Identified the +0 mace "Lexkydax" {drain, rC+ Int+4 SInv}
  1915 | D:2      | Identified the +0 robe "Deliprim" {Int+2}
  2245 | D:2      | Found a runed translucent door.
  2246 | D:2      | Noticed Crazy Yiuf
  2254 | D:2      | Killed Crazy Yiuf
  2492 | D:2      | Gained mutation: You have a pair of small horns on your
                  | head. [demonic ancestry]
  2492 | D:2      | Reached XP level 6. HP: 26/44 MP: 0/10
  3832 | D:3      | Noticed Sigmund
  3840 | D:3      | Killed Sigmund
  3841 | D:3      | Reached skill level 1 in Maces & Flails
  3841 | D:3      | Reached skill level 1 in Hexes
  4385 | D:4      | Reached XP level 7. HP: 50/50 MP: 4/11
  4451 | D:4      | Noticed Duvessa
  4455 | D:4      | Killed Duvessa
  4456 | D:4      | Noticed Dowan
  4459 | D:4      | Killed Dowan
  4576 | D:4      | Identified a scroll of acquirement
  4576 | D:4      | Acquired the staff of fire "Fegel" {rF+ Dex+4}
  4972 | D:4      | Identified the amulet "Noistoun" {Spirit Harm rF+ rC+
                  | Dex-4}
  5416 | D:5      | Entered Level 5 of the Dungeon
  5723 | D:5      | Reached XP level 8. HP: 58/58 MP: 9/13
  6004 | D:5      | Noticed Prince Ribbit
  6792 | D:6      | Reached skill level 1 in Shields
  6876 | D:5      | Found a staircase to the Ecumenical Temple.
  6882 | Temple   | Entered the Ecumenical Temple
  6963 | Temple   | Became a worshipper of Sif Muna the Loreminder
  7174 | D:5      | Found a sacrificial altar of Ru.
  7412 | D:5      | Noticed Edmund
  7421 | D:5      | Killed Edmund
  7422 | D:5      | Reached skill level 1 in Invocations
  7835 | D:5      | Killed Prince Ribbit
  7836 | D:5      | Gained mutation: You sometimes gain power by taking damage.
                  | [demonic ancestry]
  7836 | D:5      | Reached XP level 9. HP: 65/65 MP: 8/15
  8193 | D:6      | Noticed Maggie
  8202 | D:6      | Killed Maggie
  8203 | D:6      | Reached skill level 2 in Invocations
  8631 | D:7      | Found a flagged portal.
  8860 | Bailey   | Entered a bailey
  8867 | Bailey   | Reached * piety under Sif Muna
  8882 | Bailey   | Reached skill level 5 in Fire Magic
  9148 | Bailey   | Reached skill level 3 in Invocations
  9277 | Bailey   | Reached skill level 5 in Stealth
  9936 | Bailey   | Reached XP level 10. HP: 26/73 MP: 0/17
 10624 | Bailey   | Reached skill level 5 in Spellcasting
 10856 | Bailey   | Reached skill level 5 in Conjurations
 10920 | Bailey   | Identified the scarf of the Durable Okapi {shadows, +Inv
                  | Str+2 Slay+3}
 10932 | Bailey   | Got the Collected Works on Bombardment
 11394 | D:7      | Reached skill level 4 in Invocations
 11452 | D:7      | Reached skill level 5 in Dodging
 11484 | D:7      | Found a broken altar of Ashenzari.
 11728 | D:7      | Reached ** piety under Sif Muna
 12122 | D:7      | Reached skill level 5 in Fighting
 12462 | D:8      | Noticed a two-headed ogre
 12474 | D:8      | Killed a two-headed ogre
 12773 | D:8      | Learned a level 4 spell: Dispel Undead
 12836 | D:8      | Found Boapujan's Armour Emporium.
 12836 | D:8      | Noticed an animated plate armour
 12836 | D:8      | Noticed an animated shadow dragon scales
 13085 | D:8      | Reached skill level 1 in Necromancy
 13085 | D:8      | Reached skill level 5 in Invocations
 13346 | D:8      | Noticed Maurice
 13352 | D:8      | Killed Maurice
 13353 | D:8      | Reached skill level 6 in Invocations
 13660 | D:9      | Found a stormy altar of Qazlal.
 13681 | D:9      | Learned a level 4 spell: Iskenderun's Mystic Blast
 13876 | D:9      | Noticed an orange demon
 13876 | D:9      | Noticed Amaemon
 13888 | D:9      | Killed an orange demon
 13889 | D:9      | Reached skill level 7 in Invocations
 13889 | D:9      | Killed Amaemon
 13890 | D:9      | Reached XP level 11. HP: 57/79 MP: 3/19
 14284 | D:9      | Reached skill level 5 in Necromancy
 14425 | D:9      | Reached skill level 8 in Invocations
 14904 | D:8      | Reached *** piety under Sif Muna
 15065 | D:9      | Found a staircase to the Lair.
 15465 | D:10     | Entered Level 10 of the Dungeon
 16059 | D:10     | Found a staircase to the Orcish Mines.
 16255 | D:10     | Reached skill level 9 in Invocations
 16356 | D:10     | Found a sparkling altar of Nemelex Xobeh.
 16573 | D:11     | Noticed a skeletal warrior
 16574 | D:11     | Noticed a skeletal warrior
 16575 | D:11     | Noticed a skeletal warrior
 16579 | D:11     | Noticed a skeletal warrior
 16716 | D:10     | Killed a skeletal warrior
 16930 | D:10     | Killed a skeletal warrior
 17013 | D:10     | HP: 3/79 [skeletal warrior/+0 trident (15)]
 17141 | D:10     | Killed a skeletal warrior
 17142 | D:10     | Reached skill level 10 in Invocations
 17363 | D:11     | Noticed a skeletal warrior
 17368 | D:11     | Killed a skeletal warrior
 17512 | D:10     | Killed a skeletal warrior
 17513 | D:10     | Reached skill level 1 in Translocations
 17513 | D:10     | Reached XP level 12. HP: 56/86 MP: 1/23
 18031 | D:11     | Noticed a two-headed ogre
 18134 | Lair:1   | Entered Level 1 of the Lair of Beasts
 18195 | Lair:1   | Reached **** piety under Sif Muna
 18301 | Lair:1   | Noticed Gastronok
 18311 | Lair:1   | Killed Gastronok
 18424 | Lair:1   | You fall into a shaft and drop 1 floor!
 18530 | Lair:2   | Found a dark tunnel.
 18578 | Lair:2   | Learned a level 2 spell: Ensorcelled Hibernation
 18582 | Lair:2   | Learned a level 3 spell: Hailstorm
 18586 | Lair:2   | Learned a level 3 spell: Confusing Touch
 18587 | Volcano  | Entered a volcano
 18601 | Abyss:2  | Cast into level 2 of the Abyss (a wizard)
 18654 | Abyss:2  | Reached skill level 11 in Invocations
 18704 | Volcano  | Escaped the Abyss
 19071 | Abyss:2  | Cast into level 2 of the Abyss (a wizard)
 19073 | Abyss:2  | Found a corrupted altar of Lugonu.
 19189 | Abyss:3  | Noticed a tentacled starspawn
 19193 | Abyss:3  | HP: 1/68 [tentacled starspawn (19)]
 19193 | Abyss:3  | Slain by a tentacled starspawn

Illustrated notes

Levels and vault maps discovered:
D:1:      onia_arrival_handbag, layout_loops_ring
D:2:      cheibrodos_fertilizer, layout_basic, uniq_crazy_yiuf_cottage
D:3:      layout_rooms, st_stairs_3, hangedman_feature_mirror,
          minmay_misc_feat_hallway, uniq_sigmund
D:4:      layout_gridville, serial_bayou_ford_a, minivault_26,
          nicolae_wormholes, uniq_duvessa
D:5:      layout_basic, mainiacjoe_overflow_alcove_1,
          minmay_temple_entry_statues_pillars, serial_curves, eino_curves_02,
          eino_curves_04, minmay_misc_feat_secret_circle, uniq_edmund,
          uniq_prince_ribbit1
D:6:      layout_loops_corners, roderic_serpentine_path, uniq_maggie
D:7:      layout_loops_ring, cheibrodos_ashenzari_chains, enter_bailey_6,
          kennysheep_cross_bottleneck, nicolae_benzene_ring
D:8:      layout_basic, serial_shops, nicolae_shop_mannequins, uniq_maurice
D:9:      kennysheep_six_static_rooms, layout_gridville, kennysheep_mini_moat,
          minmay_lair_entry_grove, uniq_amaemon
D:10:     layout_loops_ring, lemuel_round_altar, orc_0_dummy, uniq_snorg
D:11:     layout_loops_ring, dk_noncrumbling_2
Temple:   dpeg_five_rooms_temple
Lair:1:   layout_gridlike, grunt_megastairs_4, uniq_gastronok, uniq_harold
Lair:2:   layout_hall_layers, swamp_mist_pool, ebering_ghost_inner_flame,
          nicolae_volcano_entry_lava_flow, grunt_forest_small_clearing_treed
Abyss:3:  base: D:15, hangedman_decor_peaks_small, lemuel_flamethrower_hall
Volcano:  volcano_bunker

Skill      XL: |  1  2  3  4  5  6  7  8  9 10 11 12 |
---------------+-------------------------------------+-----
Stealth        | 2 3 4 5 |  5.6
Dodging        | 2 3 4 5 |  5.2
Fire Magic     | 3 4 5 |  5.6
Fighting       | 1 2 3 4 5 |  5.1
Conjurations   | 2 3 4 5 |  5.3
Spellcasting   | 3 4 5 7 8 |  8.6
Maces & Flails | 1 2 3 4 |  4.3
Hexes          | 1 2 3 4 |  4.7
Shields        | 1 2 3 |  3.0
Invocations    | 1 3 7 10 11 | 11.4
Necromancy     | 4 7 |  7.6
Translocations | 1 4 |  4.7

Action                     |  1- 3 |  4- 6 |  7- 9 | 10-12 || total
---------------------------+-------+-------+-------+-------++-------
  Melee: Whip              |     6 |       |       |       ||     6
         Short sword       |    11 |     2 |       |       ||    13
         Dagger            |       |     5 |       |       ||     5
         Mace              |       |    24 |    26 |    16 ||    66
         Headbutt          |       |     1 |     6 |    44 ||    51
         Staff             |       |       |    10 |    14 ||    24
         Punch             |       |       |     3 |       ||     3
         Demon whip        |       |       |       |   123 ||   123
         Quick blade       |       |       |       |    30 ||    30
   Cast: Foxfire           |    28 |    67 |   129 |   153 ||   377
         Scorch            |    13 |    30 |    98 |   160 ||   301
         Inner Flame       |     1 |       |       |     9 ||    10
         Dispel Undead     |       |       |       |    10 ||    10
         Iskenderun's Myst |       |       |       |     7 ||     7
         Hailstorm         |       |       |       |     2 ||     2
         Confusing Touch   |       |       |       |     1 ||     1
  Evoke: Wand              |       |       |       |     1 ||     1
    Use: Potion            |     1 |       |     2 |     6 ||     9
         Scroll            |       |    11 |     8 |    14 ||    33
   Stab: Sleeping          |       |     3 |       |     2 ||     5
         Invisible         |       |       |       |     1 ||     1
 Armour: Robe              |     4 |    17 |    13 |       ||    34
         Steam dragon scal |       |       |    25 |    23 ||    48
         Troll leather arm |       |       |       |    39 ||    39
         Chain mail        |       |       |       |     1 ||     1
  Dodge: Dodged            |    27 |    41 |    93 |   145 ||   306
  Block: Buckler           |       |       |       |    39 ||    39
